 Dungeon Crawl Stone Soup version 0.21.1-1-g345015fe64 (webtiles) character file.

134801 Henning the Severer (level 16, -17/155 HPs)
             Began as a Minotaur Berserker on June 15, 2018.
             Was the Champion of Trog.
             Demolished by a sun demon (23 damage)
             ... summoned by an orc sorcerer
             ... on level 2 of the Orcish Mines.
             The game lasted 01:31:52 (23767 turns).

Henning the Severer (Minotaur Berserker)           Turns: 23767, Time: 01:31:53

Health: -17/155    AC: 15    Str: 36    XL:     16   Next: 63%
Magic:  15/15      EV: 13    Int:  4    God:    Trog [******]
Gold:   3690       SH: 15    Dex: 14    Spells: 15/15 levels left

rFire    + . .     SeeInvis .   G - +8 broad axe (chop)
rCold    + + .     Gourm    .   U - +0 shield
rNeg     + . .     Faith    .   S - +0 plate armour of the Three Stories {+Blink rElec Stlth-} (curse)
rPois    .         Spirit   .   R - +2 hat
rElec    +         Reflect  .   Y - +0 cloak {+Inv}
rCorr    .         Harm     .   d - +1 pair of gloves
MR       +....     NoTele   +   (no boots)
Stlth    ..........             E - amulet of regeneration
HPRegen  0.75/turn              X - ring "Godirr" {-Tele rC+ rN+ Str+3}
MPRegen  0.14/turn              M - ring of the Shrike {rF+ Str+3 Dex+3 Stlth+}

@: corroded, berserk cooldown, slowed, very slow
A: retaliatory headbutt, horns 2, agile 1, cold resistance 1, wild magic 1
a: Berserk, Trog's Hand, Brothers in Arms, Burn Spellbooks, Renounce Religion,
Evoke Blink, Evoke Invisibility


You were on level 2 of the Orcish Mines.
You worshipped Trog.
Trog was exalted by your worship.
You were not hungry.

You visited 5 branches of the dungeon, and saw 25 of its levels.
You also visited: Labyrinth and Ice Cave.

You collected 3810 gold pieces.
You spent 120 gold pieces at shops.

Inventory:

Hand Weapons
 G - a +8 broad axe of chopping (weapon)
Missiles
 F - 7 poisoned javelins (quivered)
Armour
 d - a +1 pair of gloves (worn)
 h - a +0 plate armour of cold resistance
 R - a +2 hat (worn)
 S - the cursed +0 plate armour of the Three Stories (worn) {+Blink rElec Stlth-}
   (You found it on level 13 of the Dungeon)

   It insulates you from electricity.
   It lets you blink.
   It makes you less stealthy.
   It has a curse placed upon it.
 U - a +0 shield (worn)
 Y - a +0 cloak of invisibility (worn)
Jewellery
 e - an uncursed amulet of the gourmand
 m - a +6 ring of protection
 E - an amulet of regeneration (around neck)
 M - the ring of the Shrike (right hand) {rF+ Str+3 Dex+3 Stlth+}
   (You found it in a labyrinth)

   [ring of stealth]

   It affects your strength (+3).
   It affects your dexterity (+3).
   It protects you from fire.
   It makes you more stealthy.
 X - the ring "Godirr" (left hand) {-Tele rC+ rN+ Str+3}
   (You found it in an ice cave)

   [ring of protection from cold]

   It affects your strength (+3).
   It protects you from cold.
   It protects you from negative energy.
   It prevents most forms of teleportation.
 Z - the ring of Guass {rC+ rN+}
   (You found it in an ice cave)

   [ring of protection from cold]

   It protects you from cold.
   It protects you from negative energy.
Wands
 l - a wand of disintegration (12)
 u - a wand of iceblast (30)
 v - a wand of random effects (23)
 z - a wand of digging (13)
 A - a wand of paralysis (31)
 J - a wand of acid (10)
 O - a wand of flame (45)
Scrolls
 f - 13 scrolls of remove curse
 i - 8 scrolls of enchant armour
 j - 6 scrolls of magic mapping
 r - 7 scrolls of teleportation
 s - 6 scrolls of fear
 t - 2 scrolls of immolation {unknown}
 w - a scroll of silence {unknown}
 x - 6 scrolls of fog
 y - 4 scrolls of noise {unknown}
 D - 3 scrolls of blinking {unknown}
 I - a scroll of brand weapon {unknown}
 L - a scroll of vulnerability {unknown}
 N - a scroll of holy word {unknown}
 Q - a scroll of random uselessness {unknown}
Potions
 a - 2 potions of resistance
 b - 9 potions of curing
 g - 4 potions of haste
 k - 3 potions of invisibility
 o - 2 potions of agility
 p - 3 potions of lignification
 q - a potion of brilliance
 B - 2 potions of magic
 C - 2 potions of flight
 K - 2 potions of ambrosia
Comestibles
 c - 37 rations
 n - 4 chunks of flesh


   Skills:
 + Level 17.3 Fighting
 + Level 20.4 Axes
 + Level 15.8 Armour
 * Level 8.2 Dodging
 - Level 1.0 Stealth
 * Level 13.5 Shields
 + Level 0.3 Evocations


You had 15 spell levels left.
You didn't know any spells.

Dungeon Overview and Level Annotations

Branches:
Dungeon (15/15)            Temple (0/1) D:4            Lair (6/6) D:11
 Shoals (0/4) Lair:4        Snake (1/4) Lair:4        Slime (1/5) Lair:5
    Orc (2/2) D:9             Elf (0/3) Orc:2        Vaults (0/5) D:14
 Depths (0/5) D:15

Altars:
Ashenzari
Cheibriados
Elyvilon
Kikubaaqudgha
Makhleb
Nemelex Xobeh
Qazlal
Ru
Sif Muna
Trog
Uskayaw
Vehumet
Xom
Yredelemnul
Zin
Beogh
Jiyva

Shops:
D:7 }[   D:11 !   D:13 (   Orc:2 *?!   Snake:1 !


Innate Abilities, Weirdness & Mutations

You reflexively headbutt those who attack you in melee.
You have a pair of horns on your head.
You are agile. (Dex +2)
Your flesh is cold resistant. (rC+)
Your spells are a little harder to cast, but a little more powerful.


Message History

The ice devil is unaffected.
The sun demon is unaffected.
The rust devil is unaffected.
The red devil is unaffected.
The smoke demon is unaffected.
The ice devil is unaffected.
The rust devil is unaffected.
The gelid demonspawn looks frightened!
The orc sorcerer resists with some effort.
The orc knight looks frightened!
The orc high priest looks frightened!
The ice devil closely misses you. You furiously retaliate!
You headbutt the ice devil! The rust devil hits you.
The rust devil corrodes you!
The ice devil hits you but does no damage.
The rust devil hits you. The rust devil corrodes you!
The orc high priest invokes the aid of Beogh against you.
Beogh smites you!
* * * LOW HITPOINT WARNING * * *
The smoke demon gestures at you. Something smites you!
* * * LOW HITPOINT WARNING * * *
Okay, then.
The sun demon hits you!!
You die...

##.)###.## ##..###...## ###
##..###.#.#.## ### ##.##
##..###...#...## ####.###...#
#..###..)###.).## ##.....#...####
..###...##.##[).###.....###.###.#
.......##...##)..###..####...#...
..#...## #.o##)).###..###......#
#...)## #..##@#.###..##......#
....## #.434...###..#.....#.
#..## ##o#o)...###.........
.)..## #44.....###..........
#)...## #.o##.#.#####.........
..#...## #6.# ...###.#..........
)))....# 334# ..###...#.........
))###...##.# ..###...#)....#....
#)(###...## .###.....[).#.#.#..


You could see 2 orc high priests, a sun demon, a gelid demonspawn (fleeing), 2
ice devils, 2 rust devils, 2 smoke demons, an orc sorcerer and a red devil.

Vanquished Creatures
  Gastronok (Lair:3)
  A tengu reaver (D:15)
  A storm dragon (D:15)
  An orc warlord (Orc:2)
  The ghost of raetorn the Thaumaturge, a journeyman GnSk of Okawaru (Orc:2)
  A stone giant (Orc:1)
  A vampire knight (D:14)
  The ghost of Henning the Severer, a journeyman MiBe of Trog (Orc:2)
  Azrael (Orc:2)
  Snorg (Lair:3)
  A minotaur (Lab)
  Josephine (D:11)
  The ghost of barcollo the Cleaver, a journeyman MiBe of Trog (Orc:1)
  Harold (Lair:4)
  2 ice dragons (IceCv)
  6 hydras
  3 centaur warriors
  An anaconda (Snake:1)
  A catoblepas (Lair:6)
  9 two-headed ogres
  A tengu warrior (D:15)
  A vampire mage (D:14)
  A deep troll shaman (Lair:6)
  5 death yaks (Lair:6)
  Urug (Lair:3)
  Nergalle (Lair:3)
  A sun demon (Orc:2)
  5 orc high priests (Orc:2)
  The ghost of Gynju the Covered, a novice GnWn of Okawaru (D:6)
  A hell knight (D:15)
  4 unseen horrors
  A skeletal warrior (D:15)
  A sixfirhy (Orc:2)
  A golden dragon skeleton (D:15)
  2 phantasmal warriors (D:15)
  A torturous demonspawn (Orc:2)
  2 naga ritualists (Snake:1)
  A lindwurm (Lair:3)
  Pikel (D:9)
  A necromancer (D:15)
  A lindwurm (shapeshifter) (D:12)
  5 orc sorcerers
  5 orc knights (Orc:2)
  A frost giant zombie (D:15)
  A manticore (D:13)
  An orb spider (shapeshifter) (D:15)
  A stone giant zombie (D:15)
  A mana viper (Snake:1)
  6 cyclopes
  6 ugly things
  11 elephants (Lair:6)
  3 naga magi (Snake:1)
  18 black mambas
  2 gargoyles
  A smoke demon (Orc:2)
  3 kobold demonologists
  13 spiny frogs
  2 ice statues (IceCv)
  An efreet (D:15)
  An ice devil (Orc:2)
  5 rime drakes
  2 tengu conjurers
  2 hellwings (Orc:2)
  12 komodo dragons
  A guardian mummy (D:15)
  A polar bear (Lair:6)
  3 meliai (D:13)
  A merfolk (D:11)
  10 trolls
  A snapping turtle (Lair:4)
  A hornet (D:12)
  11 hippogriffs
  3 slime creatures (D:12)
  45 blink frogs
  A minotaur skeleton (Lab)
  Prince Ribbit (D:6)
  31 flying skulls (D:14)
  A fire dragon zombie (D:15)
  4 shadows
  6 redbacks (D:14)
  10 vampires
  26 yaks
  6 wyverns
  5 fire elementals (Orc:2)
  3 fire bats (Lair:3)
  The ghost of Lavandula the Chopper, an amateur CeBe of Trog (D:3)
  6 wraiths
  3 basilisks
  6 hungry ghosts
  Grum (D:9)
  3 vampire mosquitoes (D:14)
  A warg (Orc:1)
  An acid dragon (D:12)
  21 water moccasins
  3 hell hounds (Orc:2)
  8 porcupines
  5 sky beasts
  28 ice beasts
  35 orc warriors
  A slave (D:9)
  3 black bears
  3 phantoms
  9 wolves
  14 centaurs
  2 eyes of draining
  5 ogres
  8 crocodiles
  A big kobold (D:12)
  11 bullfrogs
  A gnoll sergeant (D:9)
  A water moccasin zombie (D:10)
  2 wyvern skeletons
  18 killer bees
  5 scorpions
  5 wights (D:8)
  A howler monkey (D:7)
  10 crimson imps
  A bullfrog zombie (D:10)
  7 human zombies (D:14)
  A quasit (D:8)
  3 centaur skeletons
  5 centaur zombies
  9 hounds
  3 jellies (Lair:5)
  2 bullfrog skeletons
  32 orc priests
  23 orc wizards
  4 iguanas
  8 worker ants
  2 killer bee zombies
  A hound zombie (D:5)
  2 hound skeletons
  A worker ant zombie (D:8)
  4 gnolls (D:9)
  15 adders
  6 shadow imps
  4 oozes
  2 adder zombies
  2 adder skeletons (D:4)
  A worm (D:3)
  5 dart slugs
  4 leopard geckos
  88 orcs
  4 bats
  6 giant cockroaches
  9 goblins
  10 hobgoblins
  10 jackals
  14 kobolds
  4 quokkas
  2 ball pythons
  4 frilled lizards
  A quokka skeleton (D:6)
  5 rats
  3 bushes
  7 fungi
  10 plants
890 creatures vanquished.

Vanquished Creatures (collateral kills)
  Kirke (Lair:4)
  Nessos (Lair:4)
  The ghost of Foic the Cleaver, a journeyman MiFi of Gozag (Lair:1)
  Sonja (Lair:1)
  2 hogs (Lair:4)
  2 yaks (Lair:1)
8 creatures vanquished.

Vanquished Creatures (others)
  A death yak (Lair:6)
  An orc wizard (Orc:2)
  3 bushes (Lair:6)
  17 fungi
  14 plants
  A withered plant (D:15)
37 creatures vanquished.

Grand Total: 935 creatures vanquished

Notes
Turn   | Place    | Note
-------+----------+-------------------------------------------
     0 | D:1      | Henning the Minotaur Berserker began the quest for the Orb.
     0 | D:1      | Reached XP level 1. HP: 19/19 MP: 0/0
   129 | D:1      | Reached XP level 2. HP: 16/27 MP: 1/1
   371 | D:1      | Reached skill level 4 in Axes
   447 | D:1      | Reached ** piety under Trog
   857 | D:2      | Found a radiant altar of Vehumet.
   877 | D:2      | Reached XP level 3. HP: 17/34 MP: 2/2
   887 | D:2      | HP: 2/51 [poisoned by an adder]
   891 | D:2      | Reached XP level 4. HP: 3/41 MP: 3/3
   897 | D:2      | HP: 1/41 [poisoned by an adder]
   928 | D:2      | Found a stormy altar of Qazlal.
   968 | D:2      | Found a deep blue altar of Sif Muna.
  1072 | D:2      | Reached skill level 5 in Axes
  1114 | D:2      | Reached skill level 5 in Fighting
  1215 | D:2      | Found a burning altar of Makhleb.
  1218 | D:2      | Found a glowing silver altar of Zin.
  1218 | D:2      | Noticed an angel
  1218 | D:2      | Noticed a blizzard demon
  1297 | D:2      | Found a snail-covered altar of Cheibriados.
  1532 | D:3      | Reached *** piety under Trog
  1914 | D:3      | Reached XP level 5. HP: 31/48 MP: 1/4
  1944 | D:3      | Found a shimmering altar of Xom.
  2149 | D:3      | Noticed Lavandula's ghost (amateur CeBe)
  2163 | D:3      | Killed Lavandula's ghost
  2163 | D:3      | Reached skill level 6 in Axes
  2163 | D:3      | Reached XP level 6. HP: 44/56 MP: 3/5
  3054 | D:4      | Found a sacrificial altar of Ru.
  3250 | D:4      | Found a staircase to the Ecumenical Temple.
  3540 | D:5      | Entered Level 5 of the Dungeon
  3545 | D:5      | Reached skill level 1 in Stealth
  3678 | D:5      | Found a bloodstained altar of Trog.
  3679 | D:5      | Found a shattered altar of Ashenzari.
  3792 | D:5      | Found a shattered altar of Ashenzari.
  3833 | D:5      | Reached skill level 7 in Axes
  3833 | D:5      | Reached XP level 7. HP: 62/62 MP: 6/6
  3906 | D:5      | Found a white marble altar of Elyvilon.
  4277 | D:6      | Noticed Gynju's ghost (novice GnWn)
  4451 | D:6      | Killed Gynju's ghost
  4451 | D:6      | Reached skill level 8 in Axes
  4451 | D:6      | Reached skill level 5 in Armour
  4451 | D:6      | Reached XP level 8. HP: 48/71 MP: 3/7
  4656 | D:6      | Reached **** piety under Trog
  4658 | D:6      | Reached skill level 5 in Dodging
  4750 | D:6      | Noticed Prince Ribbit
  4759 | D:6      | Killed Prince Ribbit
  4759 | D:6      | Reached skill level 9 in Axes
  5553 | D:7      | Reached XP level 9. HP: 76/79 MP: 6/8
  5738 | D:7      | Reached skill level 10 in Axes
  6136 | D:7      | Found Uxza Nur's Gadget Emporium.
  6600 | D:7      | Found Benaerch's Antique Armour Emporium.
  6776 | D:7      | Found a sparkling altar of Nemelex Xobeh.
  6959 | D:8      | Noticed a two-headed ogre
  6964 | D:8      | Killed a two-headed ogre
  6964 | D:8      | Reached skill level 11 in Axes
  7014 | D:8      | Reached XP level 10. HP: 11/91 MP: 3/9
  7419 | D:8      | Reached ***** piety under Trog
  8345 | D:9      | Reached skill level 12 in Axes
  8346 | D:9      | Killed an unseen horror
  8385 | D:9      | Noticed Grum
  8401 | D:9      | Killed Grum
  8401 | D:9      | Received a gift from Trog
  8701 | D:9      | Found an ancient bone altar of Kikubaaqudgha.
  8856 | D:9      | Reached skill level 10 in Fighting
  8951 | D:9      | Found a staircase to the Orcish Mines.
  9071 | D:9      | Noticed Pikel
  9087 | D:9      | Killed Pikel
  9087 | D:9      | Reached skill level 13 in Axes
  9196 | D:10     | Entered Level 10 of the Dungeon
  9398 | D:10     | Found a shattered altar of Ashenzari.
  9617 | D:11     | Reached XP level 11. HP: 101/101 MP: 0/10
  9728 | D:11     | Received a gift from Trog
  9788 | D:11     | Found Fiaxau Fong's Distillery.
 10082 | D:11     | Noticed Josephine
 10085 | D:11     | Reached skill level 14 in Axes
 10097 | D:11     | Killed Josephine
 10097 | D:11     | Reached skill level 10 in Armour
 10125 | D:11     | Found a staircase to the Lair.
 10188 | D:11     | Found a snail-covered altar of Cheibriados.
 10411 | D:11     | Found a roughly hewn altar of Beogh.
 10529 | D:12     | Killed an unseen horror
 10638 | D:12     | Reached skill level 15 in Axes
 10650 | D:12     | Gained mutation: You are agile. (Dex +2) [potion of mutation]
 10650 | D:12     | Gained mutation: Your flesh is cold resistant. (rC+) [potion of mutation]
 10650 | D:12     | Gained mutation: Your spells are a little harder to cast, but a little more powerful. [potion of mutation]
 10807 | D:12     | Noticed a brown ugly thing
 10815 | D:12     | Killed a brown ugly thing
 11107 | D:12     | Reached XP level 12. HP: 104/111 MP: 11/11
 11126 | D:12     | Noticed a two-headed ogre
 11132 | D:12     | Noticed a two-headed ogre
 11134 | D:12     | Paralysed by a hornet for 2 turns
 11136 | D:12     | Killed a two-headed ogre
 11136 | D:12     | Received a gift from Trog
 11140 | D:12     | Killed a two-headed ogre
 11158 | D:12     | Reached skill level 16 in Axes
 11829 | D:13     | Noticed a centaur warrior
 11839 | D:13     | Killed a centaur warrior
 11920 | D:13     | Noticed a centaur warrior
 11938 | D:13     | Killed a centaur warrior
 12006 | D:13     | Found Zosmeash's Weapon Shop.
 12068 | D:13     | Noticed a two-headed ogre
 12078 | D:13     | Killed a two-headed ogre
 12084 | D:13     | Got a faintly humming plate armour
 12095 | D:13     | Identified the cursed +0 plate armour of the Three Stories {+Blink rElec Stlth-} (You found it on level 13 of the Dungeon)
 12328 | D:14     | Noticed a two-headed ogre
 12333 | D:14     | Killed a two-headed ogre
 12333 | D:14     | Reached skill level 17 in Axes
 12384 | D:14     | Reached XP level 13. HP: 119/119 MP: 12/12
 12630 | D:14     | Found a gate to the Vaults.
 12704 | D:14     | Reached ****** piety under Trog
 12704 | D:14     | Received a gift from Trog
 12787 | D:14     | Found a basalt altar of Yredelemnul.
 12787 | D:14     | Noticed a vampire knight
 12807 | D:14     | Killed a vampire knight
 13030 | D:14     | Reached skill level 18 in Axes
 13272 | D:14     | Reached skill level 1 in Shields
 13530 | D:15     | Entered Level 15 of the Dungeon
 13835 | D:15     | Noticed a storm dragon
 13849 | D:15     | Killed a storm dragon
 13849 | D:15     | Reached XP level 14. HP: 133/133 MP: 13/13
 14145 | D:15     | Noticed a tengu reaver
 14146 | D:15     | Found a staircase to the Depths.
 14160 | D:15     | Killed a tengu reaver
 14176 | D:15     | Reached skill level 5 in Shields
 14519 | D:15     | Found a hide-covered altar of Uskayaw.
 14885 | Lair:1   | Entered Level 1 of the Lair of Beasts
 15111 | Lair:1   | Noticed Sonja
 15145 | Lair:1   | Killed Sonja
 15154 | Lair:1   | Noticed Foic's ghost (journeyman MiFi)
 15156 | Lair:1   | Killed Foic's ghost
 15855 | Lair:2   | Received a gift from Trog
 15855 | Lair:2   | Reached skill level 15 in Fighting
 16030 | Lair:2   | Found a frozen archway.
 16052 | IceCv    | Entered an ice cave
 16459 | IceCv    | Got a vibrating golden ring
 16463 | IceCv    | Got a scorched copper ring
 16475 | IceCv    | Identified the ring "Godirr" {-Tele rC+ rN+ Str+3} (You found it in an ice cave)
 16477 | IceCv    | Identified the ring of Guass {rC+ rN+} (You found it in an ice cave)
 16743 | Lair:2   | Reached skill level 19 in Axes
 17429 | Lair:3   | Noticed Nergalle
 17431 | Lair:3   | Noticed Urug
 17434 | Lair:3   | Received a gift from Trog
 17447 | Lair:3   | Killed Nergalle
 17452 | Lair:3   | Killed Urug
 17565 | Lair:3   | Noticed Snorg
 17578 | Lair:3   | Killed Snorg
 17692 | Lair:3   | Found a labyrinth entrance.
 17701 | Lab      | Entered a labyrinth
 18009 | Lab      | Found the +3 Elemental Staff {rElec rF++ rC++ MR++ AC+5}
 18009 | Lab      | Got a bound steel ring
 18068 | Lair:3   | Reached XP level 15. HP: 143/143 MP: 14/14
 18147 | Lair:3   | Noticed Gastronok
 18158 | Lair:3   | Killed Gastronok
 18478 | Lair:4   | Found a staircase to the Snake Pit.
 18817 | Lair:4   | Noticed Nessos
 18831 | Lair:4   | Noticed Harold
 18835 | Lair:4   | Killed Nessos
 18841 | Lair:4   | Killed Harold
 18841 | Lair:4   | Reached skill level 15 in Armour
 18846 | Lair:4   | Noticed Kirke
 18848 | Lair:4   | Killed Kirke
 19385 | Lair:4   | Found a staircase to the Shoals.
 19591 | Lair:5   | Reached skill level 10 in Shields
 19871 | Lair:5   | Identified the ring of the Shrike {rF+ Str+3 Dex+3 Stlth+} (You found it in a labyrinth)
 20161 | Lair:5   | Found a runed door.
 20161 | Lair:5   | Found a viscous altar of Jiyva.
 20161 | Lair:5   | Found a staircase to the Slime Pits.
 20165 | Lair:5   | Received a gift from Trog
 20507 | Slime:1  | Entered Level 1 of the Pits of Slime
 20529 | Lair:6   | Entered Level 6 of the Lair of Beasts
 21000 | Lair:6   | Received a gift from Trog
 21038 | Lair:6   | Reached skill level 20 in Axes
 21610 | Lair:6   | Reached XP level 16. HP: 121/152 MP: 15/15
 21753 | Snake:1  | Entered Level 1 of the Snake Pit
 21942 | Snake:1  | Found Kote Eseoq's Distillery.
 21946 | Snake:1  | Found a stormy altar of Qazlal.
 22164 | Orc:1    | Entered Level 1 of the Orcish Mines
 22225 | Orc:2    | Entered Level 2 of the Orcish Mines
 22365 | Orc:2    | Noticed Azrael
 22366 | Orc:2    | Received a gift from Trog
 22379 | Orc:2    | Killed Azrael
 22402 | Orc:2    | Noticed Henning's ghost (journeyman MiBe)
 22415 | Orc:2    | Killed Henning's ghost
 22607 | Orc:1    | Noticed barcollo's ghost (journeyman MiBe)
 22614 | Orc:1    | Killed barcollo's ghost
 22998 | Orc:2    | Found Epleitob's Distillery.
 23110 | Orc:2    | Received a gift from Trog
 23257 | Orc:2    | Noticed raetorn's ghost (journeyman GnSk)
 23271 | Orc:2    | Killed raetorn's ghost
 23294 | Orc:2    | Found a staircase to the Elven Halls.
 23408 | Orc:2    | Found Loum's Magic Scroll Emporium.
 23409 | Orc:2    | Found Allipuen's General Store.
 23616 | Orc:2    | Received a gift from Trog
 23649 | Orc:2    | Bought a scroll of enchant armour for 120 gold pieces
 23745 | Orc:2    | Received a gift from Trog
 23766 | Orc:2    | HP: 5/155 [smoke demon/divine providence[an orc sorcerer] (14)]
 23767 | Orc:2    | Demolished by a sun demon

Skill      XL: |  1  2  3  4  5  6  7  8  9 10 11 12 13 14 15 16 |
---------------+-------------------------------------------------+-----
Fighting       | 4 5 6 7 9 10 11 12 14 15 16 17 | 17.3
Axes           | 4 5 6 7 8 9 11 13 15 17 18 19 20 | 20.4
Dodging        | 3 4 5 6 7 8 |  8.2
Stealth        | 1 |  1.0
Armour         | 3 5 7 8 9 10 12 13 14 15 | 15.8
Shields        | 3 8 11 13 | 13.5
Evocations     | |  0.3

Action                   |  1- 3 |  4- 6 |  7- 9 | 10-12 | 13-15 | 16-18 || total
-------------------------+-------+-------+-------+-------+-------+-------++-------
Melee: Hand axe          |    49 |   161 |    89 |       |       |       ||   299
       Headbutt          |     6 |    33 |    38 |   117 |   276 |    73 ||   543
       War axe           |       |       |   158 |   109 |       |       ||   267
       Broad axe         |       |       |       |   435 |  1021 |   287 ||  1743
Invok: Berserk           |     1 |     1 |     3 |     7 |     6 |     3 ||    21
       Trog's Hand       |       |       |     2 |     3 |     2 |     1 ||     8
       Burn Spellbooks   |       |       |       |     3 |     1 |     2 ||     6
       Brothers in Arms  |       |       |       |       |     2 |       ||     2
 Abil: Evoke Invisibilit |       |       |       |       |     1 |       ||     1
  Use: Scroll            |       |     9 |       |     7 |    19 |     3 ||    38
       Potion            |       |     2 |       |     3 |     3 |       ||     8
 Stab: Sleeping          |     1 |       |       |       |       |       ||     1
       Petrified         |       |       |       |       |     4 |       ||     4
       Petrifying        |       |       |       |       |     1 |       ||     1
  Eat: Chunk             |       |    11 |    13 |    18 |    32 |    11 ||    85
       Ration            |       |       |       |     2 |     2 |       ||     4
Armor: Animal skin       |     5 |    15 |       |       |       |       ||    20
       Scale mail        |       |    30 |   107 |    88 |       |       ||   225
       Chain mail        |       |       |       |    55 |       |       ||    55
       Plate armour      |       |       |       |   146 |   485 |    91 ||   722
Dodge: Dodged            |    39 |    93 |   187 |   321 |   319 |   108 ||  1067
Block: Shield            |       |       |       |       |   418 |   176 ||   594
